 Dungeon Crawl Stone Soup version 0.32-a0-306-gfed3edf829 (webtiles) character file.

Game seed: 4100053288754523359

10717 Newt the Fighter (level 11, -38/88 HPs)
             Began as a Barachi Fighter on Feb 14, 2024.
             Was a Believer of Hepliaklqana.
             Annihilated by a boulder beetle (44 damage)
             ... on level 11 of the Dungeon.
             The game lasted 00:14:00 (11054 turns).

Newt the Fighter (Barachi Fighter)                 Turns: 11054, Time: 00:14:01

Health: -38/88     AC: 14    Str: 20    XL:     11   Next: 66%
Magic:  0/11       EV:  8    Int: 13    God:    Hepliaklqana [**....]
Gold:   529        SH: 10    Dex: 13    Spells: 10/10 levels left

rFire   . . .        t - +10 spear of Fear {elec, Int+4}
rCold   . . .        v - +0 kite shield
rNeg    . . .        b - +0 scale mail
rPois   .            y - +1 hat {SInv}
rElec   .            r - +2 cloak
rCorr   .            (no gloves)
SInv    +            A - +0 pair of boots
Will    .....        E - amulet of guardian spirit Stlth
                     (no ring)
HPRegen 0.34/turn    (no ring)
MPRegen 0.12/turn

%: guardian spirit
@: mighty, about to teleport, unable to hop, attractive, invisible, slow
A: reduced essence, amphibious, slowness 1, strong legs 1, +LOS
a: Hop, Renounce Religion, Recall Ancestor, Ancestor Identity


You were on level 11 of the Dungeon.
You worshipped Hepliaklqana.
Hepliaklqana was pleased with you.
You visited 2 branches of the dungeon, and saw 12 of its levels.
You also visited: Sewer.

You collected 529 gold pieces.

Inventory:

Hand Weapons
 a - a +0 vampiric long sword
 t - the +10 spear of Fear (weapon) {elec, Int+4}
   (You found it on level 3 of the Dungeon)

   Int+4:     It affects your intelligence (+4).
Missiles
 h - a throwing net
 o - 14 boomerangs
 z - 6 atropa-tipped darts
 D - 3 javelins
 N - 29 poisoned darts
Armour
 b - a +0 scale mail (worn)
 c - a +1 buckler
 r - a +2 cloak (worn)
 v - a +0 kite shield (worn)
 y - a +1 hat of see invisible (worn)
 A - a +0 pair of boots (worn)
 S - a +1 hat of stealth
Jewellery
 E - an amulet of guardian spirit (around neck)
 J - a ring of positive energy
 R - a +4 ring of protection
Talismans
 i - a beast talisman
Wands
 m - a wand of polymorph (21)
 Q - a wand of iceblast (2)
Scrolls
 f - 11 scrolls of teleportation
 l - 2 scrolls of enchant armour
 n - a scroll of vulnerability
 p - 3 scrolls of torment
 w - a scroll of revelation
 x - a scroll of amnesia
 K - 2 scrolls of silence
 L - 2 scrolls of fear {unknown}
 M - 2 scrolls of enchant weapon {unknown}
 O - a scroll of fog {unknown}
 P - a scroll of identify
Potions
 g - a potion of degeneration {unknown}
 j - 3 potions of enlightenment
 k - a potion of curing
 q - 2 potions of brilliance {unknown}
 s - a potion of cancellation {unknown}
 u - 2 potions of attraction
 B - a potion of haste {unknown}
 C - a potion of magic {unknown}
Miscellaneous
 F - a sack of spiders
 G - a phantom mirror
 H - a lightning rod (4/4)
 I - a phial of floods


   Skills:
 + Level 13.0 Fighting
 - Level 5.9 Long Blades
 * Level 8.3 Polearms
 - Level 4.2 Throwing
 - Level 10.2 Armour
 - Level 7.0 Shields
 - Level 3.2 Shapeshifting


You had 10 spell levels left.
You didn't know any spells.
Your spell library contained the following spells:

 Spells                   Type           Power      Damage    Failure   Level
 Magic Dart               Conj           0%         1d3       83%         1
 Blink                    Tloc           0%         N/A       93%         2
 Lesser Beckoning         Tloc           0%         N/A       93%         2
 Momentum Strike          Conj/Tloc      0%         3d8       93%         2
 Searing Ray              Conj           0%         2d4       93%         2
 Fugue of the Fallen      Necr           0%         N/A       99%         3
 Ozocubu's Armour         Ice            0%         N/A       99%         3
 Volatile Blastmotes      Fire/Tloc      0%         2d10      99%         3
 Fulminant Prism          Conj/Alch      0%         3d5       100%        4
 Iskenderun's Mystic Bla  Conj/Tloc      0%         2d3       100%        4
 Manifold Assault         Tloc           0%         N/A       100%        4


Dungeon Overview and Level Annotations

Branches:
Dungeon (11/15)            Temple (1/1) D:6            Lair (0/5) D:10
    Orc (0/2) D:9           Sewer (visited)

Altars:
Ashenzari
Cheibriados
Dithmenos
Elyvilon
Gozag
Hepliaklqana
Kikubaaqudgha
Makhleb
Nemelex Xobeh
Okawaru
Qazlal
Ru
Sif Muna
Trog
Uskayaw
Vehumet
Wu Jian
Xom
Zin
The Shining One

Shops:
D:10 *

Portals:
Trove: D:10 (give +5 demon trident)

Annotations:
D:4 exclusion: statue
D:11 exclusion: orange crystal statue


Innate Abilities, Weirdness & Mutations

Your life essence is reduced to manifest your ancestor. (-10% HP)
You are amphibious.
You cover ground slowly.
You can hop short distances.
You have an extended range of vision and can be seen from far away.


Message History

You block the yak's attack.
The two-headed ogre hits Tubil with a +0 dire flail.
The two-headed ogre hits Tubil with a +0 giant club!
Tubil is destroyed!
The vampire mosquito bites you!
The vampire mosquito draws strength from your injuries!
Unknown command.
Unknown command.
Unknown command.
You puncture the orange crystal statue!
The orange crystal statue is lightly damaged.
You block the troll's attack. The troll claws you.
* * * LOW HITPOINT WARNING * * *
The troll claws you.
* * * LOW HITPOINT WARNING * * *
The vampire mosquito bites you!
* * * LOW HITPOINT WARNING * * *
The vampire mosquito draws strength from your injuries!
The orc hits you but does no damage.
The vampire hits you but does no damage.
The vampire bites you!
* * * LOW HITPOINT WARNING * * *
The vampire draws strength from your injuries!
Unknown command.
Unknown command.
Unknown command.
Unknown command.
Unknown command.
Unknown command.
Unknown command.
Unknown command.
Unknown command.
Unknown command.
It was a potion of attraction.
You feel attractive to monsters.
The vampire mosquito bites you but does no damage.
The boulder beetle hits you!!!
Ouch! That really hurt!
You die...
Hepliaklqana delivers you to your ancestors.

.......# #..... #.. ..
#...... ##.... ..>.
...###.. #.###....##....
........##..............
........#...............
#.......<...............
.......).......Oo.......
......#.#.....BTVo......
.#... ###....°y@oY......
.... #.....oYITY.....
... ##.....YY....... ..
#............... #
#...............
##..............
#..............
.?.............
#..##.........!.


You could see a boulder beetle (rolling, unable to see you), an orange crystal
statue, a two-headed ogre (unable to see you), 5 yaks, 2 trolls, a vampire
(summoned), an orc warrior (summoned, unable to see you), a vampire mosquito
(summoned, unable to see you) and 3 orcs.

Vanquished Creatures
  Fannar (D:10)
  Pikel (D:9)
  2 cyclopes (D:7)
  A gargoyle (D:10)
  Jeremiah (D:6)
  A komodo dragon (D:7)
  A troll (D:9)
  A hornet (D:8)
  3 slime creatures (D:7)
  7 yaks
  Grum (D:8)
  A steam dragon (D:6)
  Menkaure (D:5)
  2 water moccasins
  2 orc warriors
  2 sky beasts
  A laughing skull (D:10)
  A black bear (D:6)
  An ogre (D:4)
  4 wolves (D:8)
  2 lemures (D:9)
  6 centaurs
  4 kobold brigands
  2 bullfrogs
  6 scorpions
  2 gnoll sergeants
  3 wights (D:9)
  11 killer bees
  A howler monkey (D:4)
  3 hounds
  2 jellies
  6 orc priests
  A bombardier beetle (D:5)
  Crazy Yiuf (D:5)
  3 iguanas
  A sleepcap (D:3)
  4 orc wizards
  5 gnolls (D:6)
  2 river rats (Sewer)
  10 adders
  2 shadow imps
  4 white imps
  2 ufetubi (D:6)
  3 dart slugs
  A ribbon worm (D:5)
  32 orcs
  9 ball pythons
  5 bats (D:1)
  4 endoplasms
  4 giant cockroaches
  4 goblins
  11 hobgoblins
  6 jackals
  31 kobolds
  4 quokkas
  3 frilled lizards
  8 rats
243 creatures vanquished.

Vanquished Creatures (collateral kills)
  A two-headed ogre (D:9)
  Maggie (D:9)
  Psyche (D:10)
  A laughing skull (D:10)
  A lemure (D:9)
  2 killer bees (D:10)
  2 orc priests
  3 orc wizards
  2 orcs
  4 kobolds
18 creatures vanquished.

Vanquished Creatures (others)
  A steam dragon (D:10)
  2 ancestors
  2 knights
5 creatures vanquished.

Grand Total: 266 creatures vanquished

Notes
Turn   | Place    | Note
-------+----------+-------------------------------------------
     0 | D:1      | Newt the Barachi Fighter began the quest for the Orb.
     0 | D:1      | Reached XP level 1. HP: 18/18 MP: 1/1
    66 | D:1      | Reached XP level 2. HP: 24/25 MP: 2/2
   160 | D:1      | Reached skill level 4 in Fighting
   311 | D:1      | Reached XP level 3. HP: 30/30 MP: 3/3
   779 | D:2      | Reached XP level 4. HP: 21/38 MP: 4/4
  1203 | D:2      | Found a faded altar of an unknown god.
  1378 | D:3      | Reached skill level 5 in Long Blades
  1378 | D:3      | Reached XP level 5. HP: 31/43 MP: 5/5
  1652 | D:3      | Reached skill level 5 in Fighting
  2341 | D:3      | Identified the +10 spear of Fear {elec, Int+4}
  2557 | D:4      | Noticed an ogre
  2565 | D:4      | Killed an ogre
  2566 | D:4      | Reached XP level 6. HP: 28/52 MP: 6/6
  2647 | D:4      | Found a radiant altar of Vehumet.
  2730 | D:4      | Reached skill level 6 in Fighting
  2812 | D:4      | Reached XP level 7. HP: 58/58 MP: 7/7
  2840 | D:4      | Found a glowing drain.
  2912 | Sewer    | Entered a sewer
  3042 | Sewer    | Found a glowing silver altar of Zin.
  3431 | D:5      | Entered Level 5 of the Dungeon
  3447 | D:5      | Reached skill level 5 in Polearms
  3468 | D:5      | Reached skill level 7 in Fighting
  3489 | D:5      | Reached skill level 1 in Shapeshifting
  3489 | D:5      | Reached XP level 8. HP: 67/67 MP: 8/8
  3916 | D:5      | Noticed Menkaure
  3925 | D:5      | Killed Menkaure
  3926 | D:5      | Reached skill level 8 in Fighting
  3926 | D:5      | Reached skill level 5 in Armour
  4177 | D:5      | Found a runed translucent door.
  4178 | D:5      | Noticed Crazy Yiuf
  4388 | D:5      | Killed Crazy Yiuf
  4494 | D:6      | Noticed Jeremiah
  4534 | D:6      | Killed Jeremiah
  4535 | D:6      | Reached XP level 9. HP: 15/75 MP: 9/9
  4857 | D:6      | Reached skill level 9 in Fighting
  5063 | D:6      | Found a glowing golden altar of the Shining One.
  5132 | D:6      | Found a staircase to the Ecumenical Temple.
  5748 | D:6      | Found a burning altar of Makhleb.
  5750 | D:6      | Found a snail-covered altar of Cheibriados.
  5866 | Temple   | Entered the Ecumenical Temple
  5911 | Temple   | Became a worshipper of Hepliaklqana the Forgotten
  6884 | D:7      | Reached skill level 10 in Fighting
  6971 | D:7      | Noticed a komodo dragon
  6975 | D:7      | Killed a komodo dragon
  6976 | D:7      | Reached skill level 10 in Armour
  6979 | D:7      | Noticed a cyclops
  6982 | D:7      | Reached XP level 10. HP: 71/86 MP: 10/10
  6996 | D:7      | Killed a cyclops
  6997 | D:7      | Reached skill level 5 in Shields
  7097 | D:7      | Noticed a cyclops
  7104 | D:7      | Killed a cyclops
  7105 | D:7      | Reached skill level 11 in Fighting
  7671 | D:7      | Found an ornate altar of the Wu Jian Council.
  7673 | D:7      | Reached * piety under Hepliaklqana
  8096 | D:8      | Reached skill level 1 in Throwing
  8335 | D:8      | Noticed Grum
  8360 | D:8      | Killed Grum
  8891 | D:9      | Reached XP level 11. HP: 85/85 MP: 11/11
  8912 | D:9      | Reached ** piety under Hepliaklqana
  8913 | D:9      | Remembered your ancestor Tubil as a knight
  8963 | D:9      | Found a staircase to the Orcish Mines.
  9127 | D:9      | Noticed Maggie
  9143 | D:9      | Killed Maggie
  9144 | D:9      | Reached skill level 12 in Fighting
  9367 | D:8      | HP: 1/85 [poisoned by an orc warrior]
  9733 | D:9      | Noticed a two-headed ogre
  9740 | D:9      | Killed a two-headed ogre
 10065 | D:9      | Noticed Pikel
 10073 | D:9      | Killed Pikel
 10266 | D:10     | Entered Level 10 of the Dungeon
 10286 | D:10     | Noticed Fannar
 10306 | D:10     | Killed Fannar
 10478 | D:10     | Noticed Psyche
 10493 | D:10     | Reached skill level 13 in Fighting
 10493 | D:10     | Killed Psyche
 10790 | D:10     | Found a staircase to the Lair.
 10798 | D:10     | Found a portal to a secret trove of treasure.
 10948 | D:10     | Found Quofask's Mayhem Merchandise.
 11039 | D:11     | Noticed an orange crystal statue
 11040 | D:11     | Noticed a two-headed ogre
 11041 | D:11     | Noticed a boulder beetle
 11054 | D:11     | Annihilated by a boulder beetle

Illustrated notes

Levels and vault maps discovered:
D:1:      dpeg_arrival_arbitrary_b, layout_rooms, serial_curves, eino_curves_02,
          eino_curves_01, eino_curves_02, eino_curves_01, st_stairs_9
D:2:      layout_loops_cross, ebering_ecumenical_altar_webs
D:3:      layout_loops_ring
D:4:      layout_rooms, vehumet_statue, portal_sewer_entry_b,
          minmay_misc_feat_rows, grunt_decor_arrowhead, grunt_decor_clamped
D:5:      layout_loops_cross, uniq_crazy_yiuf_cottage, uniq_menkaure
D:6:      layout_loops_ring, nicolae_overflow_hidden_temple,
          minmay_temple_entry_nine_rooms, uniq_jeremiah
D:7:      minmay_the_grid_triangle_9x9_rhombus_thin
          [minmay_the_grid_triangle_9x9_flanged_cone,
          minmay_the_grid_triangle_9x9_prize_schism,
          minmay_the_grid_triangle_9x9_minimal,
          minmay_the_grid_triangle_9x9_dagger], layout_loops_ring,
          pdpol_wu_jian_five_deadly_venoms, amcnicky_mini_rare_corridor_liquid
D:8:      layout_basic, nicolae_sextant, uniq_grum
D:9:      layout_loops_cross, orc_0_dummy, uniq_pikel, uniq_maggie
D:10:     layout_long_grid, lair_entry_dummy, enter_trove_0, minmay_shop_mayhem,
          uniq_psyche, uniq_fannar
D:11:     layout_cave_pools, minivault_16, trog_three_pillars_becter,
          uniq_nergalle, uniq_maurice
Temple:   regret_index_temple_waves

Skill      XL: |  1  2  3  4  5  6  7  8  9 10 11 |
---------------+----------------------------------+-----
Long Blades    | 3 4 5 |  5.9
Fighting       | 4 5 6 7 8 10 11 13 | 13.0
Polearms       | 2 3 5 8 |  8.3
Shapeshifting  | 1 3 |  3.2
Armour         | 6 10 | 10.2
Shields        | 7 |  7.0
Throwing       | 4 |  4.2

Action                     |  1- 3 |  4- 6 |  7- 9 | 10-12 || total
---------------------------+-------+-------+-------+-------++-------
  Melee: Long sword        |    91 |   131 |       |       ||   222
         Spear             |       |    40 |   247 |   297 ||   584
  Throw: Dart              |       |     2 |       |       ||     2
         Throwing net      |       |     1 |       |       ||     1
 Invoke: Recall Ancestor   |       |       |       |     1 ||     1
         Ancestor Life: Kn |       |       |       |     1 ||     1
Ability: Hop               |       |       |       |     1 ||     1
  Evoke: Wand              |       |     1 |       |       ||     1
    Use: Scroll            |       |     8 |     3 |     2 ||    13
         Potion            |       |       |     3 |     8 ||    11
   Stab: Invisible         |       |       |     1 |       ||     1
         Distracted        |       |       |       |     2 ||     2
 Armour: Scale mail        |    78 |    88 |   144 |   165 ||   475
  Dodge: Dodged            |    44 |    69 |    65 |    81 ||   259
  Block: Buckler           |    38 |    21 |    17 |       ||    76
         Kite shield       |       |       |    52 |   120 ||   172

Table legend: (Time is in decaauts)
 A = Elapsed time spent in this place.
 B = Non-inter-level travel time spent in this place.
 C = Inter-level travel time spent in this place.
 D = Time resting spent in this place.
 E = Time spent auto-exploring this place.
 F = Levels seen in this place.
 G = Mean time per level.
                   A        B        C        D        E       F      G
               +--------+--------+--------+--------+--------+-----+--------+
         Total |  12225 |  11573 |    652 |   3104 |   6736 |  13 |  940.4 |
       Dungeon |  11929 |  11385 |    544 |   3104 |   6587 |  11 | 1084.5 |
        Temple |    108 |      1 |    107 |      0 |      0 |   1 |  108.0 |
         Sewer |    187 |    187 |      0 |      0 |    149 |   1 |  187.0 |
               +--------+--------+--------+--------+--------+-----+--------+

Top non-repeatable levels by time:
     D:8: 2290 daAuts
     D:5: 1473 daAuts
     D:3: 1286 daAuts
     D:7: 1278 daAuts
     D:6: 1244 daAuts
     D:9: 1073 daAuts
    D:10: 849 daAuts
     D:2: 836 daAuts
     D:4: 814 daAuts
     D:1: 767 daAuts
   Sewer: 187 daAuts
  Temple: 108 daAuts
    D:11: 14 daAuts
